[Event "*** Titled Tuesday Blitz"]
[Site "Chess.com"]
[Date "2018.05.01"]
[Round "9"]
[White "dretch"]
[Black "swayamsm"]
[Result "1-0"]
[WhiteElo "2754"]
[BlackElo "2585"]
[TimeControl "180+2"]
[EndTime "15:04:06 PDT"]
[Termination "dretch won by resignation"]

1. d4 Nf6 2. c4 e6 3. Nc3 Bb4 4. Qc2 O-O 5. e4 d5 6. e5 Ne4 7. Bd3 c5 8. Nf3 Nc6 9. O-O Bxc3 10. bxc3 cxd4 11. Ba3 Re8 12. cxd4 Qa5 13. Qb2 b6 14. Rfc1 Bb7 15. Rc2 Rad8 16. Rac1 Ba6 17.
Bf1 Bxc4 18. Bxc4 dxc4 19. Rxc4 Ne7 20. Bxe7 Rxe7 21. Qc2 Qd5 22. Re1 f5 23. exf6 Nxf6 24. Ne5 Rf8 25. h3 Ree8 26. Re3 Nd7 27. Nc6 a5 28. a4 Rf4 29. g3 Rf7 30. Ne5 Nxe5 31.
Rxe5 Qf3 32. d5 Ref8 33. dxe6 Qxf2+ 34. Qxf2 Rxf2 35. Re1 Rd2 36. e7 Re8 37. Rce4 g6 38. Rb1 Rd7 39. Rxb6 Rdxe7 40. Rxe7 Rxe7 41. Rb5 Ra7 42.
Kf2 Kg7 43. Kf3 h5 44. Kf4 Rf7+ 45. Ke3 Re7+ 46. Kf3 Rf7+ 47. Kg2 Ra7 48. h4 Kf6 49. Kf3 Ra6 50. Kf4 Ra7 51. Rb6+ Kf7 52. Kg5 Rc7 53.
Rf6+ Ke7 54. Kxg6 Rc3 55. Ra6 Rxg3+ 56. Kxh5 Kf7 57. Rxa5 Rg1 58. Rf5+ Ke6 59. Rf4 Ke5 60. Rg4 Rf1 61. Kg6 Rf6+ 62. Kg5 Rf5+ 63. Kg6 Rf6+ 64.
Kg7 Ra6 65. h5 Kf5 66. Rb4 Ra7+ 67. Kf8 Kg5 68. Rb5+ Kf6 69. Rb6+ Kg5 70. Rb4 Kxh5 71.
Ke8 Kg5 72. Kd8 Kf5 73. Kc8 Ke6 74. Kb8 Ra5 75. Kb7 Kd6 76. Kb6 Rd5 77. a5 Kd7 78. a6 Kc8 79. a7 Rd6+ 80. Ka5 Rd5+ 81. Ka6 Rd6+ 82. Rb6 1-0

[Event "*** Titled Tuesday Blitz"]
[Site "Chess.com"]
[Date "2018.05.01"]
[Round "9"]
[White "Yurovskykh_Oleksandr"]
[Black "cukus"]
[Result "1-0"]
[WhiteElo "2363"]
[BlackElo "2364"]
[TimeControl "180+2"]
[EndTime "15:04:18 PDT"]
[Termination "Yurovskykh_Oleksandr won by resignation"]

1. e4 c5 2. Nf3 d6 3. Bb5+ Bd7 4. Bxd7+ Qxd7 5. c4 g6 6. d4 cxd4 7. Nxd4 Bg7 8. Nc3 Nf6 9. f3 O-O 10. Be3 Nc6 11. O-O Rac8 12. b3 Qd8 13. Qd2 a6 14.
Nxc6 Rxc6 15. Rac1 Rc8 16. Rfd1 Re8 17. a4 Qa5 18. Nd5 Qxd2 19. Rxd2 Nxd5 20. Rxd5 Be5 21. a5 f5 22. exf5 gxf5 23. f4 Bb2 24. Rc2 Ba3 25.
Rxf5 e6 26. Rg5+ Kf7 27. Bd4 Bc5 28. Bxc5 dxc5 29. Rd2 Re7 30. Kf2 Kf6 31. Ke3 Rc6 32.
Rd3 Rec7 33. Kd2 b6 34. axb6 Rxb6 35. Kc2 a5 36. Rd8 a4 37. bxa4 Rb4 38. Rf8+ Ke7 39. Rg7+ Kd6 40. Rxc7 Rxc4+ 41. Kd3 Rd4+ 42. Ke3 Kxc7 43.
Rf7+ Kc6 44. a5 Ra4 45. Rxh7 Rxa5 46. Ke4 Kd6 47. Rh8 Ra4+ 48. Kf3 c4 49. h4 c3 50. Rc8 Ra3 51. Kg4 Kd5 52. h5 Ra2 53. g3 c2 54.
h6 Ra7 55. Rxc2 e5 56. Rd2+ Ke6 57. Re2 Kf6 58. Rxe5 Kg6 59. Re6+ Kh7 60. Kg5 Ra3 61. g4 Ra7 62. f5 Rb7 63. Rg6 Rb4 64. Rg7+ Kh8 65.
Rc7 Ra4 66. Kh5 Ra1 67. g5 Ra5 68. Kg6 Ra8 69. Rh7+ Kg8 70. Rb7 Kh8 71. f6 Rg8+ 72.
Rg7 Rb8 73. h7 Rc8 74. Rg8+ Rxg8+ 75. hxg8=Q+ Kxg8 76. Kf5 Kf8 77. g6 1-0

[Event "*** Titled Tuesday Blitz"]
[Site "Chess.com"]
[Date "2018.05.01"]
[Round "10"]
[White "FMJoseHerrera"]
[Black "Perecke"]
[Result "1-0"]
[WhiteElo "2406"]
[BlackElo "1966"]
[TimeControl "180+2"]
[EndTime "15:07:32 PDT"]
[Termination "FMJoseHerrera won by resignation"]

1. Nf3 d5 2. g3 c5 3. Bg2 Nc6 4. O-O e5 5. c4 d4 6. b4 b6 7. bxc5 bxc5 8. Nxe5 Nxe5 9. Bxa8 Bh3 10. Bg2 Bxg2 11.
Kxg2 d3 12. Nc3 Qa8+ 13. e4 Nf6 14. f3 Bd6 15. Qa4+ Nc6 16. Nb5 Bb8 17. Bb2 O-O 18.
Bxf6 gxf6 19. Nc3 Nd4 20. Nd5 f5 21. Rab1 fxe4 22. fxe4 f5 23. Qd7 Be5 24. Rb7 Qxb7 1-0

[Event "*** Titled Tuesday Blitz"]
[Site "Chess.com"]
[Date "2018.05.01"]
[Round "10"]
[White "Yurovskykh_Oleksandr"]
[Black "DenksportAcademie"]
[Result "1-0"]
[WhiteElo "2369"]
[BlackElo "2227"]
[TimeControl "180+2"]
[EndTime "15:07:53 PDT"]
[Termination "Yurovskykh_Oleksandr won by resignation"]

1. e4 e6 2. d4 d5 3. Nd2 dxe4 4.
Nxe4 Nd7 5. Nf3 Ngf6 6. Bd3 Nxe4 7. Bxe4 Nf6 8. Bg5 Be7 9. Bd3 Bd7 10. Ne5 O-O 11. O-O c5 12. dxc5 Rc8 13. Bxf6 Bxf6 14. Nxd7 Bxb2 15. Nxf8 Bxa1 16. Qxa1 Qxf8 17. Rb1 Rc7 18.
Qe5 Qc8 19. Qe4 g6 20. Rb5 a6 21. Rb6 Qd7 22. Rd6 Qe7 23. Qd4 Rc8 24. g3 Qg5 25. h4 Qxc5 26. Rd8+ 1-0

[Event "*** Titled Tuesday Blitz"]
[Site "Chess.com"]
[Date "2018.05.01"]
[Round "10"]
[White "DrVelja"]
[Black "akretchetov"]
[Result "1-0"]
[WhiteElo "2548"]
[BlackElo "2328"]
[TimeControl "180+2"]
[EndTime "15:08:27 PDT"]
[Termination "DrVelja won by checkmate"]

1. e4 e5 2. Nf3 Nc6 3. Bb5 g6 4.
c3 a6 5. Bxc6 dxc6 6. d4 exd4 7.
cxd4 Bg7 8. h3 Nf6 9. Nc3 O-O 10.
O-O Re8 11. Re1 b5 12. e5 Nd5 13. Ne4 f6 14. exf6 Nxf6 15. Bg5 Bf5 16. Qb3+ Kh8 17.
Nxf6 Rxe1+ 18. Rxe1 Bxf6 19. Re8+ Qxe8 20. Bxf6# 1-0

[Event "*** Titled Tuesday Blitz"]
[Site "Chess.com"]
[Date "2018.05.01"]
[Round "10"]
[White "51616516516"]
[Black "Alohamora11"]
[Result "0-1"]
[WhiteElo "2158"]
[BlackElo "2146"]
[TimeControl "180+2"]
[EndTime "15:08:41 PDT"]
[Termination "Alohamora11 won by resignation"]

1. d4 Nf6 2. c4 c5 3. d5 e6 4. Nc3 exd5 5. cxd5 d6 6. e4 g6 7. Bd3 Bg7 8. h3 O-O 9. Nf3 b5 10. O-O a6 11. Nd2 Nbd7 12. f4 Nh5 13. g4 Qh4 14. gxh5 Qg3+ 15. Kh1 Qxh3+ 16. Kg1 Bd4+ 0-1

[Event "*** Titled Tuesday Blitz"]
[Site "Chess.com"]
[Date "2018.05.01"]
[Round "10"]
[White "platy3"]
[Black "Korchmar_Vasiliy"]
[Result "0-1"]
[WhiteElo "2683"]
[BlackElo "2732"]
[TimeControl "180+2"]
[EndTime "15:09:00 PDT"]
[Termination "Korchmar_Vasiliy won by checkmate"]

1. e4 c5 2. Nf3 d6 3. d4 cxd4 4. Nxd4 Nf6 5. Nc3 Nc6 6. Bg5 e6 7. Qd2 a6 8. O-O-O h6 9. Bf4 Bd7 10. Nxc6 Bxc6 11. Qe1 Qc7 12. Nd5 Bxd5 13. exd5 e5 14. Be3 g6 15. Be2 Bg7 16. g4 O-O 17. h4 Rac8 18. c4 b5 19. g5 hxg5 20. hxg5 Nd7 21.
Qf1 bxc4 22. Qh3 Rfe8 23. Bg4 c3 24. b3 Qa5 25. a4 Qb4 26. Bxd7 Qa3+ 27. Kc2 Qb2+ 28.
Kd3 e4# 0-1

[Event "*** Titled Tuesday Blitz"]
[Site "Chess.com"]
[Date "2018.05.01"]
[Round "10"]
[White "el-reptiliano"]
[Black "MatthewG-p4p"]
[Result "0-1"]
[WhiteElo "1714"]
[BlackElo "2557"]
[TimeControl "180+2"]
[EndTime "15:09:13 PDT"]
[Termination "MatthewG-p4p won by resignation"]

1. d4 Nf6 2. c4 c5 3. d5 e6 4. Nc3 exd5 5. cxd5 d6 6. Bf4 g6 7. h3 Bg7 8. Nf3 O-O 9. e3 Na6 10. Be2 Nc7 11. O-O Re8 12. a4 b6 13.
Bb5 Nxb5 14. Nxb5 Ne4 15. Nd2 Bxb2 16. Nxe4 Rxe4 17. Nxd6 Rxf4 18. Nxc8 Bxa1 19. exf4 Bd4 0-1

[Event "*** Titled Tuesday Blitz"]
[Site "Chess.com"]
[Date "2018.05.01"]
[Round "10"]
[White "windking123"]
[Black "Kirill_Klukin"]
[Result "0-1"]
[WhiteElo "2300"]
[BlackElo "2484"]
[TimeControl "180+2"]
[EndTime "15:09:18 PDT"]
[Termination "Kirill_Klukin won by resignation"]

1. d4 Nf6 2. c4 g6 3. Nc3 Bg7 4. e4 d6 5. Nf3 O-O 6. Be2 Na6 7. O-O e5 8. Qc2 Bg4 9. Rd1 Bxf3 10. Bxf3 Qe8 11. Be3 c6 12. a3 Qe7 13. b4 Rfd8 14. b5 Nc7 15. bxc6 bxc6 16. c5 dxc5 17. dxe5 Qxe5 18. Na4 Nd7 19. Rac1 Ne6 20. Bg4 Nd4 21. Qc4 Nb6 22. Qa6 Nxa4 23. Qxa4 Qxe4 24. Bxd4 Qxg4 25.
Bxc5 Qxa4 0-1

[Event "*** Titled Tuesday Blitz"]
[Site "Chess.com"]
[Date "2018.05.01"]
[Round "10"]
[White "vugarrasulov"]
[Black "Abrito99"]
[Result "1-0"]
[WhiteElo "2731"]
[BlackElo "2518"]
[TimeControl "180+2"]
[EndTime "15:09:29 PDT"]
[Termination "vugarrasulov won by resignation"]

1. e4 c5 2. Nf3 e6 3. d4 cxd4 4. Nxd4 Nc6 5. Nc3 Qc7 6. Be3 a6 7. Qf3 d6 8. O-O-O Bd7 9. Qg3 Rc8 10. Kb1 b5 11. Bxb5 axb5 12. Ndxb5 Qb8 13. Nxd6+ Bxd6 14. Rxd6 Nge7 15. Rhd1 Rc7 16. Bf4 e5 17. Bxe5 Nxe5 18. Qxe5 O-O 19. Qxe7 Bg4 20. Qxf8+ Qxf8 21. Rd8 Rxc3 22.
Rxf8+ Kxf8 23. f3 Bxf3 24. gxf3 Rxf3 25. a4 Re3 26. b4 Rxe4 27. c3 f5 28. a5 f4 29. a6 Re7 30. b5 Ra7 31. c4 g5 32.
c5 Ke7 33. b6 Rxa6 34. b7 1-0

[Event "*** Titled Tuesday Blitz"]
[Site "Chess.com"]
[Date "2018.05.01"]
[Round "10"]
[White "StoreySniper"]
[Black "SCIM"]
[Result "1-0"]
[WhiteElo "2368"]
[BlackElo "2374"]
[TimeControl "180+2"]
[EndTime "15:09:32 PDT"]
[Termination "StoreySniper won on time"]

1. f4 d5 2. Nf3 Nf6 3. e3 Bg4 4.
Be2 Nc6 5. O-O Bxf3 6. gxf3 e6 7. Kh1 Bd6 8. Rg1 g6 9. b3 Qe7 10. Bb2 O-O-O 11. Nc3 a6 12. Qf1 h6 13. b4 Nxb4 14.
Rb1 g5 15. a3 Nc6 16. Bxa6 bxa6 17. Na4 gxf4 18. Qxa6+ Kd7 19. Bxf6 1-0

[Event "*** Titled Tuesday Blitz"]
[Site "Chess.com"]
[Date "2018.05.01"]
[Round "10"]
[White "Morshynska"]
[Black "ChessicallyInclined"]
[Result "1-0"]
[WhiteElo "2148"]
[BlackElo "2199"]
[TimeControl "180+2"]
[EndTime "15:09:35 PDT"]
[Termination "Morshynska won by resignation"]

1. d4 d5 2. c4 Nf6 3. cxd5 Nxd5 4. e4 Nf6 5. f3 Nc6 6. Be3 e5 7. d5 Ne7 8. Nc3 Ng6 9. Bb5+ Bd7 10. Qa4 Bd6 11.
Nge2 O-O 12. Bxd7 Nxd7 13. O-O Kh8 14. Ng3 Nf4 15. Kh1 Qh4 16. Qxd7 h5 17. Nf5 Qg5 18.
g3 Rad8 19. Qa4 g6 20. gxf4 exf4 21. Bd4+ Kh7 22. Rg1 1-0

[Event "*** Titled Tuesday Blitz"]
[Site "Chess.com"]
[Date "2018.05.01"]
[Round "10"]
[White "Firouzja2003"]
[Black "Zaven_ChessMood"]
[Result "1-0"]
[WhiteElo "2863"]
[BlackElo "2846"]
[TimeControl "180+2"]
[EndTime "15:09:41 PDT"]
[Termination "Firouzja2003 won by resignation"]

1. d4 Nf6 2. c4 g6 3. Nf3 Bg7 4.
Nc3 d6 5. e4 O-O 6. Be2 Nbd7 7.
O-O e5 8. Re1 c6 9. Bf1 Re8 10.
d5 c5 11. Bg5 h6 12. Bd2 Nh7 13. g3 f5 14. Nh4 Ndf8 15. exf5 gxf5 16. Bh3 Qf6 17. Qh5 Ng5 18. Bxg5 hxg5 19. Qxe8 gxh4 20. Ne4 Qh6 21. Bxf5 Bxf5 22. Qxa8 hxg3 23. Nxg3 Bh3 24. Qe8 Qf6 25. Qh5 Bd7 26. Ne4 Qf4 27. Qg5 Qf7 28.
Nxd6 Qf3 29. Re3 Qf4 30. Qxf4 exf4 31. Re7 Bf6 32. Rxd7 Nxd7 33. Nxb7 Bxb2 34. Re1 Ne5 35. Re4 f3 36. Nxc5 Kf7 37. Ne6 Ke7 38. c5 Kd7 39.
Nd4 Nd3 40. c6+ Kd6 41. Nb5+ Kxd5 42. c7 Kxe4 43. c8=Q Be5 44. Qg4+ Nf4 45. h4 a6 46. Na7 Bd4 47. Nc6 Bc5 48. h5 1-0

[Event "*** Titled Tuesday Blitz"]
[Site "Chess.com"]
[Date "2018.05.01"]
[Round "10"]
[White "nau64"]
[Black "sergiochess83"]
[Result "0-1"]
[WhiteElo "2127"]
[BlackElo "2769"]
[TimeControl "180+2"]
[EndTime "15:10:15 PDT"]
[Termination "sergiochess83 won on time"]

1. d4 Nf6 2. c4 e6 3. Nf3 d5 4.
Nc3 c6 5. Qb3 dxc4 6. Qxc4 b5 7.
Qd3 a6 8. g3 c5 9. Bg2 Bb7 10.
O-O Nbd7 11. Rd1 Rc8 12. dxc5 Bxc5 13. Bf4 O-O 14. a3 Qb6 15. e3 Rfd8 16. Qe2 h6 17. h4 Bxf3 18. Qxf3 e5 19. Qb7 exf4 20. Qxb6 Bxb6 21.
Bb7 Rb8 22. Bxa6 b4 23. axb4 fxe3 24. fxe3 Bxe3+ 25. Kg2 Rxb4 26. Bb5 Rxb2+ 27. Kh3 h5 28. Ra6 Ng4 0-1

[Event "*** Titled Tuesday Blitz"]
[Site "Chess.com"]
[Date "2018.05.01"]
[Round "10"]
[White "lucasmito"]
[Black "TrimitziosP7"]
[Result "0-1"]
[WhiteElo "2352"]
[BlackElo "2500"]
[TimeControl "180+2"]
[EndTime "15:10:15 PDT"]
[Termination "TrimitziosP7 won by resignation"]

1. e4 e5 2. Nf3 Nc6 3. Bb5 Nf6 4.
O-O Nxe4 5. d4 Nd6 6. Bxc6 dxc6 7. dxe5 Nf5 8. Qxd8+ Kxd8 9. Nc3 h6 10. Rd1+ Ke8 11. h3 Ne7 12. Bf4 b6 13. Bg3 Bd7 14. a4 Nf5 15. Bh2 Be6 16. a5 b5 17. Ne2 Bc5 18. Nf4 g5 19. Nxe6 fxe6 20. c3 a6 21.
Nd2 Ke7 22. Ne4 Ba7 23. Kf1 Rad8 24. Ke2 Rhf8 25. f4 Nh4 26. fxg5 hxg5 27. Bg3 Nf5 28. Bh2 Nh4 29. Bg3 Nf5 30. Bh2 Be3 31. Nf6 Bf4 32.
Bxf4 gxf4 33. Rxd8 Rxd8 34. Rf1 Ng3+ 0-1

[Event "*** Titled Tuesday Blitz"]
[Site "Chess.com"]
[Date "2018.05.01"]
[Round "10"]
[White "VeraNebolsina"]
[Black "juniortay"]
[Result "0-1"]
[WhiteElo "2368"]
[BlackElo "2371"]
[TimeControl "180+2"]
[EndTime "15:10:18 PDT"]
[Termination "juniortay won by resignation"]

1. e4 c5 2. c3 Qa5 3. Nf3 Nc6 4. Be2 g6 5. O-O Bg7 6. Na3 d6 7. Nc4 Qc7 8. d4 cxd4 9. cxd4 Bg4 10. Be3 Nf6 11.
d5 Nb8 12. Rc1 Qd7 13. Nce5 dxe5 14. Nxe5 Bxe2 15. Nxd7 Bxd1 16. Nxf6+ Bxf6 17. Rfxd1 Na6 18. b4 Nxb4 19. Rb1 Nxa2 20. Rxb7 O-O 21. Bxa7 Nc3 22.
Re1 Nb5 23. Rxb5 Rxa7 24. e5 Bxe5 0-1

[Event "*** Titled Tuesday Blitz"]
[Site "Chess.com"]
[Date "2018.05.01"]
[Round "10"]
[White "Er_is_geen_hoop_meer"]
[Black "wadsy27"]
[Result "1-0"]
[WhiteElo "2381"]
[BlackElo "2244"]
[TimeControl "180+2"]
[EndTime "15:10:21 PDT"]
[Termination "Er_is_geen_hoop_meer won on time"]

1. b4 e5 2. a3 a5 3. b5 d5 4. Bb2 Bd6 5. c4 dxc4 6. e3 Be6 7. Qc2 Nd7 8. Nf3 Ngf6 9. Ng5 Bd5 10. Nc3 h6 11. Nxd5 hxg5 12. Bxc4 Nb6 13. Nxb6 cxb6 14. Ba2 Qd7 15. a4 Bb4 16. Bxe5 Rc8 17. Qb2 Qf5 18. O-O O-O 19. d4 Ng4 20. Rac1 Nxe5 21.
dxe5 Rfd8 22. e6 fxe6 23. Rxc8 Rxc8 24. Qd4 Rf8 25. Qxb6 Rf6 26. Qd8+ Kh7 27. Bb1 1-0

[Event "*** Titled Tuesday Blitz"]
[Site "Chess.com"]
[Date "2018.05.01"]
[Round "10"]
[White "Kawhi_Leonard2"]
[Black "pulvettd"]
[Result "1-0"]
[WhiteElo "2172"]
[BlackElo "2360"]
[TimeControl "180+2"]
[EndTime "15:10:42 PDT"]
[Termination "Kawhi_Leonard2 won by resignation"]

1. e4 c5 2. Nf3 e6 3. d4 cxd4 4. Nxd4 Nc6 5. Nc3 Qc7 6. Be2 a6 7. O-O Nf6 8. Be3 Be7 9. f4 d6 10. Qe1 O-O 11. Qg3 Kh8 12. Kh1 Bd7 13. a3 b5 14.
Rad1 Nxd4 15. Bxd4 Bc6 16. Bf3 Rac8 17. e5 dxe5 18.
Bxe5 Qb7 19. f5 exf5 20. Bxc6 Rxc6 21. Rxf5 Rc4 22. h3 Qc8 23. Rdf1 Qe6 24. Nd5 Qxd5 25. Bxf6 Bxf6 26. Rxd5 Rxc2 1-0

[Event "*** Titled Tuesday Blitz"]
[Site "Chess.com"]
[Date "2018.05.01"]
[Round "10"]
[White "tteshan"]
[Black "ilmago"]
[Result "0-1"]
[WhiteElo "1970"]
[BlackElo "1951"]
[TimeControl "180+2"]
[EndTime "15:10:44 PDT"]
[Termination "ilmago won by checkmate"]

1. d4 Nf6 2. c4 g6 3. Nc3 Bg7 4.
e4 d6 5. Bg5 O-O 6. Be2 c5 7. d5 Nbd7 8. Nf3 h6 9. Be3 Ng4 10.
Bf4 Nge5 11. Qd2 Nxf3+ 12. Bxf3 Kh7 13. h4 Ne5 14. Be2 a6 15. f3 e6 16. g4 b5 17.
cxb5 axb5 18. Nxb5 Ba6 19. Nc3 Bxe2 20. Qxe2 c4 21. h5 Nd3+ 22. Kf1 Nxf4 23. hxg6+ fxg6 24. Qxc4 exd5 25. exd5 Rc8 26. Qe4 Qf6 27. Rc1 Rce8 28.
Qc2 Nxd5 29. Nxd5 Qxf3+ 30. Kg1 Bd4+ 31. Kh2 Re2+ 32. Qxe2 Qxe2+ 33. Kh3 Qf3+ 34. Kh2 Be5+ 35. Kg1 Qf2# 0-1

[Event "*** Titled Tuesday Blitz"]
[Site "Chess.com"]
[Date "2018.05.01"]
[Round "10"]
[White "LADIESGET2KNOWME"]
[Black "gmjlh"]
[Result "0-1"]
[WhiteElo "2536"]
[BlackElo "2618"]
[TimeControl "180+2"]
[EndTime "15:10:49 PDT"]
[Termination "gmjlh won by resignation"]

1. e4 Nf6 2. e5 Nd5 3. c4 Nb6 4. c5 Nd5 5. Bc4 e6 6. Nc3 Nxc3 7. bxc3 Bxc5 8. d4 Bf8 9. d5 d6 10. dxe6 Bxe6 11. Bxe6 fxe6 12. Qb3 Qc8 13. Nf3 Nc6 14. O-O dxe5 15. Ba3 Bd6 16. Rad1 Ke7 17. c4 Bxa3 18. Qxa3+ Kf6 19. Rde1 Re8 20. Nxe5 Nxe5 21. Qc3 Kf7 22. Rxe5 Qd7 23. Qf3+ Kg8 24. Qxb7 Rab8 25. Qxa7 Ra8 26. Qe3 Rxa2 27. Re1 Qd2 28. Qc5 Rf8 29. Rf1 Rf6 30.
Qxc7 Qxf2+ 0-1

[Event "*** Titled Tuesday Blitz"]
[Site "Chess.com"]
[Date "2018.05.01"]
[Round "10"]
[White "Indianlad"]
[Black "MartinZumsande"]
[Result "1-0"]
[WhiteElo "2661"]
[BlackElo "2528"]
[TimeControl "180+2"]
[EndTime "15:10:57 PDT"]
[Termination "Indianlad won by resignation"]

1. d4 d5 2. c4 e6 3. Nf3 Nf6 4. g3 dxc4 5. Bg2 Bb4+ 6. Bd2 c5 7. O-O O-O 8. Qc1 b5 9. a4 Bb7 10. axb5 a6 11. dxc5 Bxd2 12. Nbxd2 axb5 13. Rxa8 Bxa8 14. b3 Nbd7 15. bxc4 b4 16. Nb3 Qc7 17. Qf4 Qxf4 18. gxf4 Rc8 19. Ra1 Be4 20. Ne5 Bc2 21. Nxd7 Nxd7 22.
c6 Nf8 23. Nd4 Bg6 24. Ra4 f6 25. Rxb4 e5 26. Bd5+ Bf7 27. Nf5 Rc7 28. Rb7 1-0

[Event "*** Titled Tuesday Blitz"]
[Site "Chess.com"]
[Date "2018.05.01"]
[Round "10"]
[White "aa175"]
[Black "Caisachess"]
[Result "0-1"]
[WhiteElo "1845"]
[BlackElo "2143"]
[TimeControl "180+2"]
[EndTime "15:11:00 PDT"]
[Termination "Caisachess won by checkmate"]

1. e4 e5 2. Nf3 Nc6 3. Bc4 Nf6 4. d3 Bc5 5. Nc3 h6 6. h3 d6 7. a3 a6 8. Be3 O-O 9. Bxc5 dxc5 10. Nd5 Re8 11.
Qe2 b5 12. Nxf6+ Qxf6 13. Bd5 Bb7 14. O-O Rad8 15. c3 Bc8 16. Nd2 Ne7 17. Ba2 Ng6 18. Rad1 Nf4 19. Qf3 Rxd3 20. Qg3 Ne2+ 21. Kh2 Nxg3 22.
fxg3 Qg5 23. Rxf7 Be6 24. Bxe6 Rxe6 25. Nf3 Qe3 26. Rxd3 Qxd3 27. Rxc7 Qxe4 28. Rc8+ Kh7 29. Rxc5 Qe3 30. b4 e4 31. Nd4 Rf6 32. Nf5 Rxf5 33. Rxf5 Qxc3 34. a4 bxa4 35. Ra5 Qxb4 36. Rxa6 a3 37.
Re6 a2 38. Ra6 e3 39. Rxa2 Qd2 40. Rxd2 exd2 41. h4 d1=Q 42. Kh3 Kg6 43. g4 h5 44. g5 Kf5 45. g6 Qg4+ 46. Kh2 Qxg6 47. Kg1 Kf4 48.
Kf2 Qg3+ 49. Ke2 Qxg2+ 50. Kd3 Qd5+ 51. Kc3 Ke3 52. Kb4 Qc6 53. Ka3 Qb5 54. Ka2 Qb4 55. Ka1 Kd2 56. Ka2 Kc2 57. Ka1 Qa3# 0-1

[Event "*** Titled Tuesday Blitz"]
[Site "Chess.com"]
[Date "2018.05.01"]
[Round "10"]
[White "Ginger_GM"]
[Black "tigra"]
[Result "1/2-1/2"]
[WhiteElo "2521"]
[BlackElo "2717"]
[TimeControl "180+2"]
[EndTime "15:11:02 PDT"]
[Termination "Game drawn by repetition"]

1. d4 Nf6 2. c4 e5 3. dxe5 Ng4 4.
e4 Nxe5 5. f4 Nbc6 6. Nc3 Bb4 7.
fxe5 Qh4+ 8. Kd2 d6 9. Nf3 Qh5 10. exd6 Bg4 11. dxc7 O-O 12. Kc2 Rfe8 13. Nd5 Bc5 14.
Be3 Bxe3 15. Nxe3 Rxe4 16. Nd5 Bf5 17. Kb3 Be6 18. Ne7+ Kf8 19. Nxc6 Qb5+ 20. Kc2 Rxc4+ 21. Bxc4 Qxc4+ 22. Kd2 Bf5 23. Ke3 Re8+ 24. Nce5 Qxc7 25. Rc1 Rxe5+ 26. Nxe5 Qxe5+ 27. Kf2 Qf4+ 28. Qf3 Qd2+ 29. Qe2 Qf4+ 30. Qf3 Qd2+ 31. Qe2 Qf4+ 32. Qf3 Qd2+ 33.
Qe2 Qf4+ 34. Qf3 Qd2+ 35. Qe2 Qf4+ 36. Qf3 1/2-1/2

[Event "*** Titled Tuesday Blitz"]
[Site "Chess.com"]
[Date "2018.05.01"]
[Round "10"]
[White "DrZeiss"]
[Black "Eliwood44"]
[Result "1-0"]
[WhiteElo "2246"]
[BlackElo "2182"]
[TimeControl "180+2"]
[EndTime "15:11:03 PDT"]
[Termination "DrZeiss won by resignation"]

1. e4 e5 2. Nf3 Nc6 3. Bb5 Nf6 4. d3 d6 5. c3 g6 6. O-O Bg7 7. Nbd2 O-O 8. h3 Nh5 9. Kh2 Nf4 10. Ne1 a6 11. Bc4 Be6 12. Bxe6 fxe6 13. g3 Nh5 14. Ndf3 d5 15. Qe2 h6 16. Nh4 Qf6 17. Qg4 Kh7 18.
Be3 Rf7 19. Neg2 d4 20. Bd2 Raf8 21. c4 Ne7 22. f4 exf4 23. gxf4 e5 24. f5 g5 25.
Qxh5 gxh4 26. Nxh4 Rh8 27. Rg1 Kg8 28. Rg2 Kf8 29.
Bb4 b6 30. Bxe7+ Rxe7 31. Ng6+ Kg8 32. Nxe7+ Qxe7 33. Rg6 Kf8 34. f6 Bxf6 35. Rf1 1-0

[Event "*** Titled Tuesday Blitz"]
[Site "Chess.com"]
[Date "2018.05.01"]
[Round "10"]
[White "LisikValera"]
[Black "Mikhail_Golubev"]
[Result "0-1"]
[WhiteElo "2403"]
[BlackElo "2389"]
[TimeControl "180+2"]
[EndTime "15:11:27 PDT"]
[Termination "Mikhail_Golubev won by resignation"]

1. d4 Nf6 2. Nf3 d6 3. c4 g6 4. Nc3 Bg7 5. e4 O-O 6. Be2 e5 7. O-O Nc6 8. d5 Ne7 9. Ne1 Nd7 10. f3 f5 11. g4 Nf6 12. Nd3 c6 13. Kg2 b5 14. dxc6 Nxc6 15. Nxb5 fxe4 16. fxe4 a6 17. Nc3 Nd4 18. Be3 Nxe2 19. Qxe2 Bxg4 20. Qd2 Qc8 21.
Nf2 Qxc4 22. Nxg4 Nxg4 23. Qd5+ Qxd5 24. Nxd5 Nf6 25. Nxf6+ Bxf6 26. Rad1 Be7 27. Rxf8+ Kxf8 28. b4 Rc8 29. Kf3 Rc3 30. Ke2 Ra3 31. Rd2 Rxe3+ 32.
Kxe3 Bg5+ 33. Kd3 Bxd2 34. Kxd2 g5 35. a4 Ke7 36. Kd3 Kd7 37. Kc4 h5 38. Kc3 g4 39.
Kd3 Kc6 40. Ke3 d5 41. b5+ axb5 42. axb5+ Kc5 43. exd5 Kxd5 44. b6 Kc6 45. Ke4 h4 0-1

[Event "*** Titled Tuesday Blitz"]
[Site "Chess.com"]
[Date "2018.05.01"]
[Round "10"]
[White "ruvat"]
[Black "Fins0905"]
[Result "1/2-1/2"]
[WhiteElo "2264"]
[BlackElo "2570"]
[TimeControl "180+2"]
[EndTime "15:11:34 PDT"]
[Termination "Game drawn by agreement"]

1. d4 d5 2. Nf3 Nf6 3. c4 c6 4. Qc2 dxc4 5. Qxc4 Bf5 6. g3 e6 7.
Bg2 Nbd7 8. O-O Be7 9. Qb3 Qb6 10. Nbd2 O-O 11. Nc4 Qa6 12. Bf4 Nb6 13. Nfe5 Rfd8 14. Rfd1 Nxc4 15. Nxc4 Nd5 16. Bd2 Bg4 17. Bf1 Nb6 18.
Nxb6 Qxb6 19. Qxb6 axb6 20. f3 Rxd4 21. Be3 Rxd1 22.
Rxd1 Bh5 23. Rd7 Bf6 24. Rxb7 h6 25. Rxb6 Rxa2 26. b4 Rb2 27. Bc5 Bc3 28. Rxc6 Bxb4 29. Bxb4 Rxb4 30. Kf2 1/2-1/2

[Event "*** Titled Tuesday Blitz"]
[Site "Chess.com"]
[Date "2018.05.01"]
[Round "10"]
[White "FairChess_on_YouTube"]
[Black "igorkovalenko"]
[Result "1-0"]
[WhiteElo "2874"]
[BlackElo "2733"]
[TimeControl "180+2"]
[EndTime "15:11:37 PDT"]
[Termination "FairChess_on_YouTube won by resignation"]

1. d4 Nf6 2. Bg5 Ne4 3. Bf4 d5 4. f3 Nf6 5. Nc3 a6 6. e4 e6 7.
Qd3 Be7 8. O-O-O Nc6 9. Nge2 b5 10. exd5 Nxd5 11. Nxd5 Qxd5 12. Nc3 Qd7 13. a3 b4 14. d5 bxc3 15. dxc6 cxb2+ 16. Kb1 Qxc6 17. Qc4 Qxc4 18. Bxc4 Bxa3 19. Bxc7 O-O 20. Bd6 Bxd6 21.
Rxd6 a5 22. Kxb2 Bb7 23. Rb1 Rfc8 24. Rd4 Rc7 25. Ka3 g6 26. Bd3 Kg7 27. Rb6 Bd5 28.
c4 Bc6 29. Rxc6 Rxc6 30. Be4 Rac8 31. Bxc6 Rxc6 32. Kb3 Rb6+ 33. Ka4 Rb2 34. c5 Rxg2 35. Rc4 Rd2 36. c6 Rd8 37. c7 Rc8 38. Kxa5 f5 39. Kb6 e5 40. Kb7 Re8 41. c8=Q Rxc8 42.
Kxc8 Kf6 43. Kd7 h5 44. h4 e4 45. f4 1-0

[Event "*** Titled Tuesday Blitz"]
[Site "Chess.com"]
[Date "2018.05.01"]
[Round "10"]
[White "b_6"]
[Black "TheCount"]
[Result "0-1"]
[WhiteElo "2324"]
[BlackElo "2542"]
[TimeControl "180+2"]
[EndTime "15:11:43 PDT"]
[Termination "TheCount won by resignation"]

1. d4 Nf6 2. Bf4 g6 3. Nc3 Bg7 4. e4 d5 5. Nb5 Na6 6. e5 Nd7 7. Nf3 c6 8. Nc3 O-O 9. h4 f6 10. Qd2 fxe5 11. Nxe5 Nxe5 12. Bxe5 Bxe5 13. dxe5 Qb6 14. h5 Bf5 15. O-O-O Nb4 16. hxg6 Bxg6 17. f4 Nxc2 18. Bd3 Ne3 19. Bxg6 hxg6 20. Rh6 Nxd1 21. Rxg6+ Kf7 22. f5 Qe3 23. e6+ Ke8 24. Kxd1 Qxd2+ 25. Kxd2 Rxf5 26. Ne2 Rf6 27. Rg8+ Rf8 28.
Rg7 Rd8 29. Nd4 Rd6 30. g4 Kd8 31. Rg6 Rf6 32. Rg8+ Kc7 33. Nf5 Rdxe6 34. Rg7 Rg6 35. Rg8 Rxg8 0-1